Map: Acropolis LE

Players

eonblu

  • Race: Zerg Zerg
  • League: Grandmaster
  • Spawn Location: 5:00

HellraiseR - Winner!

  • Race: Protoss Protoss
  • Spawn Location: 11:00

Event: HomeStory Cup XIX

VOD

Have the link to the VOD?

Description

Time

  • Played on: June 28, 2019, 7:55 a.m.
  • Length: 13:38

All games in this series

Show
View Real Time Build Order
Export as new Build Order

eonblu Zerg 

Build Orders: Hatch First, Lurkers 

Get SALT Encoding   

  12  0:00  Drone  
  13  0:12  Overlord  
  13  0:17  Drone  
  14  0:32  Drone x2  
  16  0:48  Hatchery  
  15  0:53  Drone  
  15  0:56  Drone  
  17  0:58  Drone  
  18  1:10  Extractor  
  17  1:14  Spawning Pool  
  17  1:18  Drone  
  18  1:25  Drone  
  18  1:28  Drone  
  19  1:47  Hatchery  
  19  1:49  Drone  
  19  1:54  Drone  
  20  2:03  Queen  
  20  2:07  Zergling x2  
  23  2:13  Metabolic Boost  
  23  2:18  Drone  
  23  2:19  Drone  
  25  2:24  Drone  
  25  2:27  Drone  
  27  2:32  Drone  
  28  2:40  Roach Warren  
  28  2:43  Zergling x2  
  28  2:51  Overlord  
  28  2:52  Overlord  
  28  3:08  Overlord  
  38  3:20  Roach x5  
  38  3:21  Roach  
  38  3:23  Roach  
  42  3:30  Zergling x6  
  42  3:33  Zergling x2  
  46  3:43  Zergling x8  
  49  3:50  Zergling x6  
  49  3:55  Overlord  
  52  3:59  Ravager  
  53  4:05  Zergling x6  
  53  4:06  Zergling x2  
  47  4:39  Zergling x20  
  45  4:58  Ravager x2  
  45  5:01  Zergling x14  
  45  5:05  Drone  
  43  5:11  Drone  
  43  5:13  Drone  
  43  5:14  Drone  
  43  5:22  Drone  
  43  5:24  Drone x2  
  38  5:29  Queen  
  39  5:40  Queen  
  39  5:41  Drone x2  
  39  5:42  Drone  
  40  5:45  Drone  
  40  5:49  Queen  
  40  5:53  Drone  
  40  5:54  Drone  
  44  5:57  Spore Crawler  
  44  6:00  Spore Crawler  
  44  6:03  Spore Crawler  
  41  6:04  Drone  
  41  6:06  Drone  
  41  6:10  Drone  
  44  6:16  Drone x2  
  44  6:22  Drone x3  
  44  6:31  Lair  
  41  6:38  Queen  
  41  6:39  Drone  
  44  6:44  Zergling x2  
  44  6:45  Zergling x4  
  46  6:52  Zergling x8  
  50  6:58  Zergling x8  
  51  7:11  Drone x4  
  51  7:12  Drone  
  51  7:13  Drone  
  50  7:22  Drone x3  
  47  7:33  Drone x2  
  47  7:34  Hydralisk Den  
  47  7:35  Drone  
  49  7:43  Drone x2  
  51  7:45  Extractor  
  51  7:46  Extractor x2  
  51  7:47  Drone  
  49  7:51  Drone  
  49  7:55  Drone x2  
  52  8:01  Overlord  
  52  8:03  Drone  
  52  8:06  Drone  
  53  8:19  Drone x2  
  55  8:23  Grooved Spines  
  55  8:27  Overlord x2  
  55  8:29  Drone x5  
  55  8:31  Drone  
  61  8:40  Lurker Den  
  57  8:49  Drone x3  
  57  8:50  Drone  
  57  8:52  Overlord x3  
  57  8:53  Extractor x2, Overlord  
  59  9:05  Overlord x2  
  59  9:07  Hydralisk x3  
  65  9:22  Hydralisk x2  
  65  9:23  Hydralisk x5  
  78  9:34  Hydralisk x4, Muscular Augments  
  85  9:47  Zergling x2  
  85  9:48  Zergling x12  
  85  9:49  Overseer  
  92  10:02  Zergling x12  
  98  10:12  Lurker x3  
  98  10:13  Lurker  
  102  10:14  Overlord  
  102  10:17  Lurker  
  102  10:19  Zergling x2  
  102  10:20  Zergling x18  
  114  10:28  Lurker  
  114  10:38  Zergling x2  
  114  10:39  Zergling x10  
  117  10:50  Zergling x10  
  117  10:53  Overlord x3  
  121  11:02  Overlord x3  
  120  11:10  Infestation Pit  
  117  11:12  Drone x3  
  117  11:13  Drone  
  112  11:29  Overlord x2  
  112  11:31  Zergling x16  
  120  11:35  Lurker x8  
  126  11:48  Hydralisk x3  
  126  11:49  Hydralisk x2  
  119  12:09  Hydralisk x7  
  133  12:17  Lurker  
  133  12:20  Zergling x8  
  134  12:41  Lurker x3  
  134  12:42  Lurker  
  134  12:43  Zergling x16  
  117  12:50  Zergling x4  
  109  13:16  Zergling x24  
  109  13:18  Lurker x4  
Show
View Real Time Build Order
Export as new Build Order

HellraiseR Protoss - Winner!

Build Orders: 1 Gate Expand, Oracle Opening 

Get SALT Encoding   

  12  0:00  Probe  
  13  0:12  Probe  
  14  0:20  Pylon  
  14  0:23  Probe  
  15  0:34  Probe  
  15  0:39  Gateway  
  16  0:43  Probe  
  16  0:48  Assimilator  
  17  0:55  Probe  
  18  1:07  Probe  
  19  1:21  Nexus  
  19  1:22  Probe  
  20  1:33  Cybernetics Core  
  20  1:35  Probe  
  21  1:41  Assimilator  
  22  1:47  Probe  
  22  1:50  Pylon  
  22  1:58  Probe  
  22  1:59  Adept  
  23  2:06  Probe  
  23  2:14  Probe  
  27  2:23  Stargate  
  27  2:25  Probe  
  27  2:29  Probe  
  28  2:30  Stalker  
  31  2:37  Probe x2  
  31  2:40  Warp Gate  
  33  2:47  Probe  
  33  2:49  Probe  
  35  2:57  Oracle  
  35  2:59  Probe  
  35  3:01  Probe  
  37  3:10  Gateway  
  37  3:11  Probe  
  41  3:14  Probe, Pylon  
  42  3:22  Gateway  
  42  3:23  Probe  
  42  3:26  Probe, Oracle  
  44  3:32  Assimilator  
  44  3:35  Probe  
  44  3:38  Probe  
  49  3:41  Assimilator  
  49  3:48  Probe  
  50  3:50  Probe  
  50  3:52  Pylon  
  51  4:00  Probe  
  51  4:02  Probe  
  53  4:05  Oracle  
  53  4:12  Probe, Cybernetics Core  
  53  4:14  Probe  
  58  4:20  Shield Battery  
  57  4:28  Stalker x2  
  57  4:30  Stalker  
  59  4:33  Void Ray  
  59  4:34  Probe  
  45  4:51  Zealot  
  45  4:52  Stalker  
  40  4:53  Stalker  
  40  4:54  Probe x2  
  44  5:06  Probe x2  
  46  5:16  Adept  
  46  5:18  Adept x2  
  46  5:19  Probe  
  46  5:20  Probe  
  53  5:27  Probe  
  52  5:32  Probe  
  54  5:42  Probe, Adept x2  
  58  5:44  Probe  
  60  5:52  Probe  
  60  5:54  Probe  
  62  6:02  Pylon  
  62  6:05  Robotics Facility  
  62  6:07  Forge  
  62  6:20  Probe x2  
  64  6:30  Adept x2  
  64  6:32  Probe x2  
  70  6:42  Pylon, Protoss Ground Weapons Level 1  
  70  7:00  Probe x2  
  72  7:04  Adept x2  
  72  7:06  Nexus  
  72  7:07  Observer  
  77  7:13  Probe  
  77  7:14  Probe  
  75  7:25  Probe  
  75  7:26  Probe  
  75  7:29  Observer  
  72  7:31  Robotics Bay  
  72  7:33  Probe  
  72  7:34  Probe, Sentry x2  
  73  7:41  Probe  
  73  7:42  Probe  
  74  7:45  Gateway  
  74  7:51  Probe, Pylon  
  76  7:53  Probe  
  76  7:57  Immortal  
  78  8:01  Pylon  
  78  8:03  Pylon  
  78  8:05  Pylon  
  78  8:09  Probe  
  78  8:10  Probe  
  84  8:12  Twilight Council  
  84  8:18  Probe  
  85  8:21  Probe  
  85  8:23  Probe  
  85  8:26  Colossus  
  87  8:27  Sentry  
  87  8:28  Sentry  
  87  8:31  Probe  
  87  8:33  Probe  
  93  8:35  Probe  
  100  8:44  Probe  
  100  8:45  Probe  
  102  8:50  Blink  
  102  8:51  Probe  
  102  8:53  Assimilator, Protoss Ground Weapons Level 2  
  102  8:54  Assimilator  
  103  8:57  Probe  
  105  9:03  Probe  
  105  9:04  Colossus  
  105  9:09  Shield Battery  
  105  9:12  Photon Cannon  
  105  9:14  Pylon  
  105  9:16  Gateway  
  105  9:17  Gateway  
  105  9:21  Gateway  
  111  9:24  Gateway  
  111  9:27  Gateway  
  111  9:28  Gateway  
  111  9:33  Sentry  
  111  9:34  Sentry  
  111  9:35  Stalker  
  111  9:38  Probe, Pylon  
  118  9:47  Colossus  
  124  10:00  Stalker x3  
  124  10:03  Pylon  
  124  10:05  Pylon  
  126  10:15  Stalker x2  
  126  10:19  Stalker x2  
  134  10:24  Stalker x4  
  134  10:28  Observer  
  142  10:33  Pylon  
  142  10:35  Pylon  
  142  10:38  Observer  
  143  10:54  Disruptor  
  143  10:58  Stalker x5  
  143  11:00  Charge  
  143  11:01  Zealot x2  
  143  11:02  Zealot x2  
  164  11:05  Extended Thermal Lance  
  163  11:24  Observer  
  163  11:30  Nexus  
  163  11:31  Photon Cannon, Pylon  
  164  11:34  Pylon  
  164  11:36  Pylon  
  164  11:38  Disruptor  
  164  11:42  Zealot x2  
  164  11:43  Zealot x2  
  164  11:44  Zealot  
  171  11:51  Photon Cannon  
  171  11:52  Photon Cannon  
  171  11:53  Shield Battery  
  174  11:59  Nexus  
  174  12:07  Robotics Facility  
  174  12:09  Zealot x3  
  174  12:10  Zealot x3  
  186  12:32  Disruptor  
  171  12:40  Zealot x4  
  171  12:41  Zealot x5  
  178  12:49  Probe x2  
  178  12:50  Probe  
  181  12:56  Disruptor  
  184  13:05  Probe  
  174  13:16  Zealot x6  
  186  13:20  Templar Archives  
Tags
 
Add a new tag
Caveats
  • Supply blocks, unpowered buildings, or Contaminate may cause inaccurate times.
  • Supply counts are checked every 10 seconds.